 Dungeon Crawl Stone Soup version 0.31.0-11-ge490571c62 (webtiles) character file.

Game seed: 15507670076560966970

455590 Sobieck the Slayer (level 24, -5/289 HPs)
             Began as an Oni Monk on Jan 30, 2024.
             Was the Champion of Okawaru.
             Killed by divine providence
             ... invoked by a white draconian stormcaller
              (17 damage)
             ... on level 4 of the Depths on Jan 31, 2024.
             The game lasted 02:23:27 (48637 turns).

Sobieck the Slayer (Oni Monk)                      Turns: 48637, Time: 02:23:28

Health: -5/289     AC: 28    Str: 28 (29) XL:     24   Next: 38%
Magic:  32/32      EV:  8    Int: 10      God:    Okawaru [******]
Gold:   3572       SH: 29    Dex: 15      Spells: 23/23 levels left

rFire   + + +        i - +9 demon whip (heavy)
rCold   . . .        r - +5 tower shield {AC+3}
rNeg    + . .        O - +1 storm dragon scales
rPois   +            X - +2 hat
rElec   +            h - +2 cloak {rCorr}
rCorr   +            (gloves unavailable)
SInv    +            (boots unavailable)
Will    ++...        W - amulet of reflection Stlth
                     R - ring of Traps {rF+ rN+ Slay+4 SInv}
HPRegen 0.00/turn    L - ring "Ythicelu" {Fly rPois rF+++ Stlth-}
MPRegen 0.23/turn

%: reflection, clarity
@: lethally poisoned (-5 -> -7), on berserk cooldown, flying, inhibited regen,
slowed, studying 3 skills, very slow
A: large, unfitting armour, horns 1, tough skin 1, double potion healing,
drunken brawling, agile 1, clarity, deterioration 1, inhibited regeneration
}: 2/15 runes: decaying, serpentine
a: Renounce Religion, Heroism, Finesse, Duel


You were on level 4 of the Depths.
You worshipped Okawaru.
Okawaru was exalted by your worship.
You visited 9 branches of the dungeon, and saw 42 of its levels.
You also visited: Trove, Ossuary, Gauntlet, Ice Cave and Volcano.

You collected 7407 gold pieces.
You spent 3835 gold pieces at shops.

Inventory:

Hand Weapons
 i - a +9 heavy demon whip (weapon)
Missiles
 t - 14 boomerangs
 v - 11 javelins {god gift}
 w - 89 large rocks (quivered) {god gift}
 x - 17 silver javelins {god gift}
 F - 9 curare-tipped darts
 G - 4 datura-tipped darts
 J - 13 atropa-tipped darts
 K - 2 darts of dispersal {god gift}
 Z - 4 throwing nets
Armour
 h - a +2 cloak of preservation (worn)
 r - a +5 tower shield of protection (worn)
 O - +1 storm dragon scales (worn)
 X - a +2 hat (worn)
Jewellery
 b - the ring "Ojocs" {Int+6 Dex+5 Slay+6}
   (You took it off a deep elf archer on level 2 of the Elven Halls)

   [ring of intelligence]

   Int+6:     It affects your intelligence (+6).
   Dex+5:     It affects your dexterity (+5).
   Slay+6:    It affects your accuracy & damage with ranged weapons and melee
   (+6).
 g - a ring of resist corrosion
 l - a ring of ice
 n - a ring of positive energy
 L - the ring "Ythicelu" (right hand) {Fly rPois rF+++ Stlth-}
   (You found it on level 9 of the Dungeon)

   [ring of flight]

   rF+++:     It renders you almost immune to fire.
   rPois:     It protects you from poison Fly: It grants you flight.
   Stlth-:    It makes you less stealthy.
 R - the ring of Traps (left hand) {rF+ rN+ Slay+4 SInv}
   (You acquired it on level 9 of the Dungeon)

   [ring of slaying]

   Slay+4:    It affects your accuracy & damage with ranged weapons and melee
   (+4).
   rF+:       It protects you from fire.
   rN+:       It protects you from negative energy.
   SInv:      It lets you see invisible.
 W - an amulet of reflection (around neck)
Talismans
 Y - the granite talisman of the Wasteland {rC+}
   (You took it off Roxanne on level 15 of the Dungeon)

   [granite talisman]

   rC+:       It protects you from cold.
Wands
 a - a wand of quicksilver (23)
 D - a wand of digging (14)
 I - a wand of iceblast (37)
 P - a wand of paralysis (16)
Scrolls
 d - a scroll of silence {!r}
 e - 8 scrolls of vulnerability
 f - 9 scrolls of fog
 j - 3 scrolls of fear
 p - 5 scrolls of torment
 q - 4 scrolls of revelation
 y - 4 scrolls of noise
 M - 6 scrolls of immolation
 T - 20 scrolls of teleportation
Potions
 c - 12 potions of ambrosia
 m - 3 potions of attraction
 o - 8 potions of enlightenment
 s - 6 potions of lignification
 u - 7 potions of resistance
 z - 8 potions of brilliance
 A - 8 potions of might
 B - 6 potions of cancellation
 C - 8 potions of magic
 E - 5 potions of mutation
 H - 5 potions of haste
 N - 4 potions of berserk rage
 Q - 11 potions of curing
 S - 5 potions of invisibility
 V - 4 potions of heal wounds
Miscellaneous
 k - a lightning rod (4/4)
 U - a phial of floods


   Skills:
 - Level 26.0 Fighting
 - Level 12.0 Maces & Flails
 + Level 24.8 Throwing
 - Level 18.0 Armour
 - Level 5.0 Dodging
 - Level 16.0 Shields
 - Level 13.0 Invocations
 - Level 3.0 Evocations


You had 23 spell levels left.
You didn't know any spells.
Your spell library contained the following spells:

 Spells                   Type           Power      Damage    Failure   Level
 Foxfire                  Conj/Fire      0%         2x1d4     94%         1
 Freeze                   Ice            0%         1d3       94%         1
 Shock                    Conj/Air       0%         1d3       94%         1
 Slow                     Hex            0%         N/A       94%         1
 Blink                    Tloc           0%         N/A       98%         2
 Cigotuvi's Dreadful Rot  Necr/Alch/Air  0%         N/A       98%         2
 Ensorcelled Hibernation  Hex/Ice        0%         N/A       98%         2
 Lesser Beckoning         Tloc           0%         N/A       98%         2
 Mercury Vapours          Alch/Air       0%         N/A       98%         2
 Momentum Strike          Conj/Tloc      0%         3d8       98%         2
 Scorch                   Fire           0%         2d5       98%         2
 Searing Ray              Conj           0%         2d4       98%         2
 Static Discharge         Conj/Air       0%         3-3/arc   98%         2
 Sublimation of Blood     Necr           0%         N/A       98%         2
 Confusing Touch          Hex            0%         N/A       100%        3
 Dazzling Flash           Conj/Hex       0%         N/A       100%        3
 Frozen Ramparts          Ice            0%         1d1       100%        3
 Fugue of the Fallen      Necr           0%         N/A       100%        3
 Gell's Gravitas          Tloc           0%         N/A       100%        3
 Hailstorm                Conj/Ice       0%         3d5       100%        3
 Mephitic Cloud           Conj/Alch/Air  0%         N/A       100%        3
 Ozocubu's Armour         Ice            0%         N/A       100%        3
 Sigil of Binding         Hex            0%         N/A       100%        3
 Stone Arrow              Conj/Erth      0%         3d7       100%        3
 Swiftness                Air            0%         N/A       100%        3
 Teleport Other           Tloc           0%         N/A       100%        3
 Vampiric Draining        Necr           0%         2d6       100%        3
 Volatile Blastmotes      Fire/Tloc      0%         2d10      100%        3
 Airstrike                Air            0%         2d(0-16)  100%        4
 Anguish                  Hex/Necr       0%         N/A       100%        4
 Brom's Barrelling Bould  Conj/Erth      0%         2d3       100%        4
 Dimensional Bullseye     Hex/Tloc       0%         N/A       100%        4
 Flame Wave               Conj/Fire      0%         2d4       100%        4
 Fulminant Prism          Conj/Alch      0%         3d5       100%        4
 Ignite Poison            Fire/Alch      0%         N/A       100%        4
 Iskenderun's Mystic Bla  Conj/Tloc      0%         2d3       100%        4
 Petrify                  Alch/Erth      0%         N/A       100%        4
 Vhi's Electric Charge    Tloc/Air       0%         N/A       100%        4
 Arcjolt                  Conj/Air       0%         1d10      100%        5
 Borgnjor's Vile Clutch   Necr/Erth      0%         N/A       100%        5
 Freezing Cloud           Conj/Ice/Air   0%         6-21      100%        5
 Irradiate                Conj/Alch      0%         3d11      100%        5
 Metabolic Englaciation   Hex/Ice        0%         N/A       100%        5
 Conjure Ball Lightning   Conj/Air       0%         3x3d6     100%        6
 Dispersal                Tloc           0%         N/A       100%        6
 Plasma Beam              Fire/Air       0%         2x1d10    100%        6
 Starburst                Conj/Fire      0%         6d3       100%        6
 Enfeeble                 Hex            0%         N/A       100%        7
 Orb of Destruction       Conj           0%         9d5       100%        7
 Discord                  Hex            0%         N/A       100%        8
 Disjunction              Tloc           0%         N/A       100%        8
 Lehudib's Crystal Spear  Conj/Erth      0%         10d2      100%        8
 Maxwell's Capacitive Co  Air            0%         ∞         100%        8
 Summon Small Mammal      Summ           Unusable   N/A       N/A         1
 Summon Ice Beast         Ice/Summ       Unusable   N/A       N/A         3
 Tukima's Dance           Hex            Unusable   N/A       N/A         3
 Animate Armour           Summ/Erth      Unusable   N/A       N/A         4
 Animate Dead             Necr           Unusable   N/A       N/A         4
 Summon Blazeheart Golem  Fire/Summ      Unusable   N/A       N/A         4
 Summon Lightning Spire   Summ/Air       Unusable   N/A       N/A         4
 Death Channel            Necr           Unusable   N/A       N/A         6
 Sculpt Simulacrum        Ice/Alch       Unusable   N/A       N/A         6
 Summon Cactus Giant      Summ           Unusable   N/A       N/A         6
 Haunt                    Necr/Summ      Unusable   N/A       N/A         7
 Malign Gateway           Summ/Tloc      Unusable   N/A       N/A         7
 Spellforged Servitor     Conj/Summ      Unusable   N/A       N/A         7

Dungeon Overview and Level Annotations

Branches:
Dungeon (15/15)            Temple (1/1) D:6            Lair (5/5) D:10
  Swamp (4/4) Lair:2        Snake (4/4) Lair:3        Slime (0/5) Lair:5
    Orc (2/2) D:11            Elf (3/3) Orc:2        Vaults (4/5) D:13
  Crypt (0/3) Vaults:3     Depths (4/4) D:15            Zot (0/5) Depths:4
Ossuary (visited)           IceCv (visited)         Volcano (visited)
Gauntlet (visited)

Altars:
Ashenzari
Cheibriados
Dithmenos
Elyvilon
Fedhas
Gozag
Hepliaklqana
Kikubaaqudgha
Makhleb
Nemelex Xobeh
Okawaru
Qazlal
Ru
Sif Muna
Trog
Uskayaw
Vehumet
Wu Jian
Xom
Yredelemnul
Zin
The Shining One
Jiyva

Shops:
D:10 *   D:12 (   Orc:2 (*[(!   Elf:1 *[:*   Snake:4 [![(   Depths:2 (
Depths:3 :   Depths:4 *

Portals:
Hell: Depths:1 Depths:2 Depths:3 Depths:4
Abyss: Depths:3 Depths:4
Pandemonium: Depths:1 Depths:2
Ziggurat: Depths:4

Annotations:
D:6 1 runed translucent door
D:13 1 runed translucent door, Deukiw's ghost, journeyman SpEn
Snake:4 1 runed translucent door, bakla's ghost, adept GnBr
Elf:2 3 runed translucent doors
Vaults:5 !SON


Innate Abilities, Weirdness & Mutations

You are too large for most types of armour.
You have a pair of small horns on your head.
You have tough skin. (AC +1)
You gain doubled healing and magic from potions.
Whenever you drink a healing potion, you attack all around you.
You are agile. (Dex +4, Str/Int -1)
You possess an exceptional clarity of mind.
Your body sometimes deteriorates upon taking damage.
You do not regenerate when monsters are visible.


Message History

* * * LOW HITPOINT WARNING * * *
You feel very sick.
The wind drake exhales a fierce blast of wind!
You are knocked back by the gust of wind.
You slam into the rock wall!
You hear a roar!
The ice encasing you melts away.
You feel very sick.
The wind drake bites you but does no damage.
You completely miss the wind drake. Your headbutt misses the wind drake.
The wind drake is lightly wounded.
You feel very sick. The wind drake flaps its wings at you.
The air twists around and strikes you!
* * * LOW HITPOINT WARNING * * *
You block the wind drake's attack.
Unknown command.
You miss the wind drake.
The wind drake is lightly wounded.
You feel sick.
You barely miss the lindwurm.
You are no longer berserk.
You are exhausted.
You feel as though you will be slow longer.
You feel sick.
Unknown command.
You barely miss the lindwurm.
You feel very sick. The lindwurm closely misses you.
You block the lindwurm's attack. x4
The lindwurm closely misses you.
Unknown command.
You thrash the lindwurm!! You headbutt the lindwurm.
The lindwurm is severely wounded.
You feel sick. The lindwurm breathes flames at you.
The blast of flame hits you but does no damage.
You resist.
You hear an angry hiss.
You thrash the lindwurm!!
You kill the lindwurm!
The lindwurm's corpse disappears in a puff of smoke!
You feel sick.
The wind drake disappears in a puff of smoke!
You whack the white draconian stormcaller!
You headbutt the white draconian stormcaller, but do no damage.
The white draconian stormcaller is lightly wounded.
You feel sick.
The white draconian stormcaller calls down the wrath of Qazlal upon you.
Qazlal smites you!
You die...

###### #..(.## *#..#(.###
#...##∩(q##### #....###.....#####
q...cT*#####[.)§k# ...d...**
#####q# ### ..GC.../***** #@##
##.## .......D#,,,** #..#
####...## ........q,,,,* ##.###
##....#..#
,,⌠..CGDDD∩.L####...####....###..
,,.....d.[...####.#........##.##.
,,....q.#...#####.#####...##A∩.##
,,......#########.# #....##.##.
,,...d.##########.# ####..###..
,,....###.........## #...#..#


You could see a white draconian stormcaller and a wind drake (summoned, repels
missiles).

Vanquished Creatures
  Bai Suzhen (Swamp:3)
  Saint Roka (Vaults:1)
  3 caustic shrikes (Depths:4)
  A golden dragon (Depths:4)
  4 tentacled monstrosities
  Jorgrun (Swamp:3)
  An Ice Fiend (IceCv)
  2 walking crystal tomes
  Mlioglotl (Swamp:3)
  2 deep elf blademasters (Elf:3)
  2 deep elf master archers (Elf:3)
  Asterion (Arena)
  2 titans
  2 sphinxes
  A lich (Depths:1)
  6 tengu reavers
  Aizul (Snake:1)
  3 storm dragons
  2 shadow dragons (Depths:4)
  5 nagarajas
  Donald (Orc:1)
  Roxanne (D:15)
  A fenstrider witch (Swamp:4)
  5 deep elf sorcerers
  7 frost giants
  2 iron dragons
  6 fire giants
  A cacodemon (Depths:1)
  11 vault wardens
  9 deep elf elementalists (Elf:3)
  28 ironbound preservers
  12 very ugly things
  2 orc warlords
  5 ironbound thunderhulks
  3 formless jellyfish
  2 vampire knights
  6 eleionomae
  Nessos (D:13)
  10 stone giants
  6 deep elf death magi
  3 deep elf demonologists (Elf:3)
  A war gargoyle (Vaults:3)
  17 dire elephants
  4 bunyips
  A white draconian (Vaults:4)
  5 deep elf annihilators (Elf:3)
  A wendigo (Depths:4)
  A yellow draconian (Depths:4)
  8 spark wasps
  2 crystal guardians
  An eidolon (Vaults:3)
  2 green deaths (Swamp:4)
  11 yaktaur captains
  5 ettins
  A salamander tyrant (Snake:2)
  10 fire dragons
  7 great orbs of eyes
  9 vault guards (Vaults:4)
  Josephine (Orc:1)
  A ragged hierophant (Vaults:3)
  7 ice dragons
  3 rakshasas
  16 hydras
  Fannar (D:11)
  A deep elf high priest (Vaults:4)
  An entropy weaver (Vaults:1)
  2 ghost crabs
  4 caustic shrike simulacra (IceCv)
  Harold (D:9)
  3 peacekeepers
  A hell beast (Depths:2)
  3 ogre magi
  9 alligators
  25 anacondas
  8 death yaks
  6 ironbound frosthearts
  20 naga warriors
  16 centaur warriors
  2 catoblepae
  16 two-headed ogres
  6 boulder beetles
  10 dancing weapons
  3 occultists
  9 deep troll shamans
  A tengu warrior (Depths:2)
  8 shock serpents
  A hell knight (Depths:3)
  7 deep elf knights
  12 naga sharpshooters
  7 deep troll earth magi
  13 spriggans
  6 spriggan berserkers
  2 sun demons (Depths:1)
  3 orc high priests
  A skyshark (Lair:1)
  Sonja (Lair:1)
  6 iron trolls (Depths:4)
  3 salamander mystics
  9 arcanists
  Lodul (D:12)
  A skeletal warrior (Vaults:3)
  2 glowing orange brains
  A goliath frog (Swamp:1)
  87 deep trolls
  9 sea snakes (Snake:4)
  6 spriggan druids
  A large abomination (Swamp:4)
  A death drake (Swamp:3)
  10 naga ritualists
  5 swamp dragons
  10 deep elf archers
  11 mana vipers
  11 bog bodies
  2 obsidian statues (IceCv)
  3 phantasmal warriors
  10 orc knights
  4 harpies
  13 ironbound convokers
  22 lindwurms
  2 necromancers
  26 deep elf zephyrmancers
  Pikel (D:7)
  28 deep elf pyromancers
  41 ugly things
  2 orc sorcerers
  A wolf spider (D:15)
  8 manticores
  16 salamanders
  9 cyclopes
  2 will-o-the-wisps (Swamp:2)
  2 kobold blastminers
  A meliai (shapeshifter) (Vaults:4)
  A fire giant skeleton (Depths:1)
  Joseph (D:7)
  A water nymph (shapeshifter) (Depths:4)
  2 eyes of devastation (Vaults:4)
  3 meliai (D:13)
  4 elephants (Lair:4)
  47 black mambas
  A guardian serpent (shapeshifter) (Elf:3)
  3 guardian serpents (Snake:4)
  13 naga magi
  A smoke demon (Depths:2)
  An eye of devastation (shapeshifter) (Vaults:4)
  10 vault sentinels
  3 orange demons (Swamp:4)
  3 torpor snails
  2 gargoyles (D:12)
  A molten gargoyle (Depths:2)
  16 cane toads
  Maggie (Lair:1)
  Jeremiah (D:7)
  2 efreet
  An unseen horror (D:10)
  5 rime drakes
  17 komodo dragons
  A kobold demonologist (D:12)
  28 yaktaurs
  5 tengu conjurers
  An ice devil (IceCv)
  7 freezing wraiths (IceCv)
  A tormentor (Depths:2)
  A golden dragon simulacrum (Depths:1)
  A queen bee (D:9)
  An alligator simulacrum (IceCv)
  12 trolls
  3 glass eyes
  8 tyrant leeches
  3 bloated husks
  12 hornets
  2 saltlings (Vaults:3)
  A blink frog (Lair:5)
  Grinder (D:5)
  2 air elementals
  A spriggan (shapeshifter) (D:14)
  7 wraiths
  22 slime creatures
  2 water elementals (Depths:1)
  2 shadows (Swamp:4)
  Sigmund (D:2)
  6 wyverns
  A vampire (D:12)
  12 fire bats
  4 fire elementals
  16 humans (D:12)
  72 yaks
  3 spriggan simulacra
  A minotaur simulacrum (IceCv)
  4 steam dragons
  A redback (shapeshifter) (Depths:3)
  17 vampire mosquitoes
  8 basilisks
  Edmund (D:5)
  8 wargs
  Menkaure (D:7)
  13 swamp worms
  50 nagas
  5 acid dragons
  3 hydra simulacra (IceCv)
  17 water moccasins
  2 sky beasts (D:6)
  A black bear (D:4)
  20 orc warriors
  27 ogres
  5 swamp drakes
  2 laughing skulls (D:13)
  4 ettin simulacra (IceCv)
  A small abomination (Swamp:4)
  11 centaurs
  21 wolves
  A wolf (shapeshifter) (D:14)
  4 boggarts (Vaults:2)
  A lemure (D:7)
  A phantom (D:4)
  An elf zombie (Ossuary)
  7 kobold brigands
  A scorpion (D:6)
  16 bullfrogs
  3 earth elementals
  31 killer bees
  5 howler monkeys
  A lava snake (Orc:1)
  A human zombie (Ossuary)
  Crazy Yiuf (D:6)
  A bombardier beetle (D:7)
  A jelly (D:7)
  16 orc priests
  A gnoll bouda (Lair:5)
  5 hounds
  Jessica (D:3)
  9 orc wizards
  5 iguanas
  5 hell rats (Lair:1)
  5 ogre zombies (Ossuary)
  8 mummies
  7 adders
  A white imp (D:4)
  4 adder zombies (Ossuary)
  A dart slug (D:2)
  5 ribbon worms
  57 orcs
  10 endoplasms
  2 giant cockroaches
  6 goblins
  5 hobgoblins
  8 jackals
  37 kobolds
  3 quokkas
  14 ball pythons
  4 bats
  4 frilled lizards
  A gnoll zombie (Ossuary)
  4 goblin zombies
  3 hobgoblin zombies (Ossuary)
  4 kobold zombies (Ossuary)
  2 orc zombies
  4 quokka zombies (Ossuary)
  2 rats
  3 rat zombies (Ossuary)
1778 creatures vanquished.

Vanquished Creatures (others)
  A storm dragon simulacrum (Depths:4)
  2 bloated husks (Swamp:3)
  A naga (Snake:2)
  An orc (D:8)
  8 foxfires (Swamp:2)
13 creatures vanquished.

Grand Total: 1791 creatures vanquished

Notes
Turn   | Place    | Note
-------+----------+-------------------------------------------
     0 | D:1      | Sobieck the Oni Monk began the quest for the Orb.
     0 | D:1      | Reached XP level 1. HP: 24/24 MP: 1/1
    59 | D:1      | You fall into a shaft and drop 1 floor!
   163 | D:2      | Reached XP level 2. HP: 8/32 MP: 2/2
   447 | D:1      | Got the Exposition on Lofty Combustion
   462 | D:1      | Reached skill level 1 in Throwing
   474 | D:1      | Reached XP level 3. HP: 40/40 MP: 3/3
  1000 | D:2      | Noticed Sigmund
  1011 | D:2      | Killed Sigmund
  1012 | D:2      | Reached skill level 5 in Fighting
  1012 | D:2      | Reached XP level 4. HP: 18/50 MP: 1/4
  1012 | D:2      | Reached XP level 5. HP: 21/57 MP: 1/5
  1724 | D:3      | Found a faded altar of an unknown god.
  1968 | D:3      | Reached XP level 6. HP: 63/66 MP: 6/6
  2029 | D:3      | Noticed Jessica
  2032 | D:3      | Killed Jessica
  2503 | D:3      | Reached skill level 3 in Throwing
  2737 | D:4      | Reached skill level 6 in Fighting
  2760 | D:4      | Found a snail-covered altar of Cheibriados.
  2797 | D:4      | Reached XP level 7. HP: 72/75 MP: 7/7
  2916 | D:4      | Reached skill level 6 in Maces & Flails
  2931 | D:4      | Found a sacrificial altar of Ru.
  3437 | D:4      | Reached skill level 7 in Fighting
  3802 | D:5      | Entered Level 5 of the Dungeon
  3907 | D:4      | Reached XP level 8. HP: 66/88 MP: 6/8
  4144 | D:5      | Noticed Edmund
  4156 | D:5      | Killed Edmund
  4157 | D:5      | Reached skill level 8 in Fighting
  4351 | D:5      | Found a shimmering altar of Xom.
  4406 | D:5      | Noticed Grinder
  4541 | D:5      | Killed Grinder
  4542 | D:5      | Reached skill level 9 in Fighting
  4542 | D:5      | Reached skill level 6 in Throwing
  4670 | D:6      | Found a sand-covered staircase.
  4677 | Ossuary  | Entered an ossuary
  4897 | Ossuary  | Reached XP level 9. HP: 101/101 MP: 9/9
  4913 | Ossuary  | Reached skill level 10 in Fighting
  5243 | D:6      | Found a basalt altar of Yredelemnul.
  5325 | D:6      | Reached skill level 11 in Fighting
  5348 | D:6      | Found a shadowy altar of Dithmenos.
  5473 | D:6      | Found a staircase to the Ecumenical Temple.
  5486 | Temple   | Entered the Ecumenical Temple
  5520 | Temple   | Became a worshipper of Warmaster Okawaru
  5520 | Temple   | Reached * piety under Okawaru
  5520 | Temple   | Reached ** piety under Okawaru
  5583 | D:6      | Found a glowing golden altar of the Shining One.
  5583 | D:6      | Found a stormy altar of Qazlal.
  5665 | D:6      | Found a runed translucent door.
  5758 | D:6      | Found a runed translucent door.
  5759 | D:6      | Noticed Crazy Yiuf
  5930 | D:6      | Killed Crazy Yiuf
  6165 | D:7      | Noticed Menkaure
  6170 | D:7      | Killed Menkaure
  6171 | D:7      | Reached skill level 12 in Fighting
  6214 | D:7      | Noticed Pikel
  6234 | D:7      | Killed Pikel
  6235 | D:7      | Reached skill level 3 in Dodging
  6235 | D:7      | Reached skill level 1 in Shields
  6235 | D:7      | Reached skill level 1 in Invocations
  6283 | D:7      | Reached XP level 10. HP: 111/115 MP: 11/11
  6517 | D:7      | Noticed Joseph
  6529 | D:7      | Killed Joseph
  6584 | D:7      | Noticed Jeremiah
  6600 | D:7      | Killed Jeremiah
  6600 | D:7      | Reached *** piety under Okawaru
  6750 | D:7      | Reached skill level 3 in Invocations
  7296 | D:7      | Identified a scroll of acquirement
  7296 | D:7      | Acquired a +2 morningstar of holy wrath
  7488 | D:8      | Found a white marble altar of Elyvilon.
  7607 | D:8      | Found a shimmering blue altar of Sif Muna.
  7906 | D:8      | Found an ornate altar of the Wu Jian Council.
  8576 | D:9      | Noticed Harold
  8587 | D:9      | Reached skill level 3 in Shields
  8610 | D:9      | Killed Harold
  8610 | D:9      | Reached **** piety under Okawaru
  8611 | D:9      | Reached skill level 13 in Fighting
  8611 | D:9      | Reached skill level 9 in Throwing
  8625 | D:9      | Reached XP level 11. HP: 59/127 MP: 7/14
  8825 | D:9      | Reached ***** piety under Okawaru
  8844 | D:9      | Reached skill level 6 in Invocations
  9376 | D:9      | Identified the ring "Ythicelu" {Fly rPois rF+++ Stlth-}
  9388 | D:9      | Identified the +4 short sword of Reuxziam {elec, rF- Str+3
                  | Int+3}
 10072 | D:10     | Entered Level 10 of the Dungeon
 10095 | D:10     | Reached skill level 14 in Fighting
 10208 | D:10     | Found a staircase to the Lair.
 10234 | D:10     | Received a gift from Okawaru
 10371 | D:10     | Found Vidiurrucwe's Assorted Antiques.
 10392 | D:10     | Bought a scroll of identify for 68 gold pieces
 10397 | D:9      | Acquired the ring of Traps {rF+ rN+ Slay+4 SInv}
 10401 | D:9      | Acquired a manual of Throwing
 10463 | D:10     | Found a broken altar of Ashenzari.
 10467 | D:10     | Saw a vision of the Swamp and the Snake Pit.
 10467 | D:10     | Noticed a will-o-the-wisp
 10467 | D:10     | Noticed an alligator
 10467 | D:10     | Noticed a naga warrior
 10467 | D:10     | Noticed a salamander
 10467 | D:10     | Noticed a naga warrior
 10470 | D:10     | Noticed a bog body
 10470 | D:10     | Noticed an alligator
 10555 | D:10     | Noticed a two-headed ogre
 10563 | D:10     | Killed a two-headed ogre
 10613 | D:10     | Found a hide-covered altar of Uskayaw.
 10732 | D:11     | Found a staircase to the Orcish Mines.
 10747 | D:11     | Found a gate leading to a gauntlet.
 10756 | Gauntlet | Entered a Gauntlet
 10756 | Gauntlet | Found a transporter.
 10766 | Gauntlet | Found a transporter.
 10766 | Gauntlet | Found a transporter.
 10767 | Gauntlet | Found a transporter.
 10776 | Gauntlet | Found a transporter.
 10776 | Gauntlet | Noticed a tengu warrior
 10778 | Gauntlet | Found a transporter.
 10779 | Gauntlet | Found a transporter.
 10781 | Gauntlet | Noticed a sixfirhy
 10787 | Gauntlet | Found a transporter.
 10790 | Gauntlet | Found a transporter.
 10791 | Gauntlet | Found a transporter.
 10799 | Gauntlet | Noticed a wretched star
 10802 | Gauntlet | Found a transporter.
 10802 | Gauntlet | Found a transporter.
 10803 | Gauntlet | Found a transporter.
 10811 | Gauntlet | Found a transporter.
 10811 | Gauntlet | Noticed a wretched star
 10945 | D:11     | Reached skill level 6 in Shields
 10967 | D:11     | Noticed a manticore
 10972 | D:11     | Killed a manticore
 11067 | D:11     | Noticed a cyclops
 11072 | D:11     | Killed a cyclops
 11130 | D:11     | Reached skill level 15 in Fighting
 11207 | D:11     | Noticed a red ugly thing
 11218 | D:11     | Killed a red ugly thing
 11219 | D:11     | Reached XP level 12. HP: 140/143 MP: 16/16
 11305 | D:11     | Noticed Fannar
 11324 | D:11     | Killed Fannar
 11324 | D:11     | Received a gift from Okawaru
 11891 | D:12     | Identified the +7 falchion of the Evening {protect, rN+}
 11984 | D:12     | Noticed a six-headed hydra
 11990 | D:12     | Killed a six-headed hydra
 11991 | D:12     | Reached skill level 16 in Fighting
 12233 | D:12     | Found Quh Qorr's Weapon Emporium.
 12548 | D:13     | Noticed Lodul
 12548 | D:13     | Noticed Nessos
 12548 | D:13     | Found a gate to the Vaults.
 12597 | Lair:1   | Entered Level 1 of the Lair of Beasts
 12690 | Lair:1   | Reached skill level 9 in Shields
 12707 | Lair:1   | Received a gift from Okawaru
 12828 | Lair:1   | Reached skill level 1 in Armour
 13238 | Lair:1   | Received a gift from Okawaru
 13444 | Lair:2   | Noticed Sonja
 13446 | Lair:2   | Noticed a skyshark
 13452 | Lair:1   | Reached XP level 13. HP: 148/151 MP: 18/18
 13684 | Lair:1   | Reached skill level 3 in Armour
 13710 | Lair:1   | Killed Sonja
 13741 | Lair:2   | Noticed Maggie
 13784 | Lair:1   | Killed Maggie
 13907 | Lair:1   | Reached skill level 9 in Maces & Flails
 14097 | Lair:2   | Found a staircase to the Swamp.
 14865 | Lair:2   | Reached ****** piety under Okawaru
 14866 | Lair:2   | Reached skill level 17 in Fighting
 14866 | Lair:2   | Acquired the +10 morningstar "Eos" {god gift, elec, Halo
                  | rElec}
 14866 | Lair:2   | Received a gift from Okawaru
 14866 | Lair:2   | Found the +10 morningstar "Eos" {god gift, elec, Halo
                  | rElec}
 14873 | Lair:2   | Acquired the +5 Storm Queen's Shield {god gift, shock, Fly
                  | rElec}
 14873 | Lair:2   | Received a gift from Okawaru
 14873 | Lair:2   | Found the +5 Storm Queen's Shield {god gift, shock, Fly
                  | rElec}
 15060 | Lair:3   | Found a staircase to the Snake Pit.
 15065 | Lair:3   | Received a gift from Okawaru
 15630 | Lair:4   | Reached skill level 9 in Invocations
 15636 | Lair:4   | Received a gift from Okawaru
 15701 | Lair:4   | Reached skill level 12 in Throwing
 16330 | Lair:5   | Entered Level 5 of the Lair of Beasts
 16335 | Lair:4   | Reached XP level 14. HP: 166/166 MP: 20/20
 16476 | Lair:5   | Found the ring of the Hare {EV+10}
 16640 | Lair:5   | Received a gift from Okawaru
 16705 | Lair:5   | Reached skill level 18 in Fighting
 16746 | Lair:5   | Reached skill level 6 in Armour
 16781 | Lair:5   | Received a gift from Okawaru
 17045 | Lair:5   | Found a staircase to the Slime Pits.
 17045 | Lair:5   | Found a viscous altar of Jiyva.
 17253 | Lair:5   | Received a gift from Okawaru
 17698 | Orc:1    | Entered Level 1 of the Orcish Mines
 17850 | Orc:1    | Found a dark tunnel.
 17861 | Volcano  | Entered a volcano
 17871 | Volcano  | Received a gift from Okawaru
 17872 | Volcano  | Reached XP level 15. HP: 141/179 MP: 21/21
 17997 | Volcano  | Reached skill level 19 in Fighting
 18117 | Volcano  | Reached skill level 15 in Throwing
 18176 | Volcano  | Identified the +1 pair of gloves of Riots {rC+ rN+ SInv}
 18804 | Orc:2    | Entered Level 2 of the Orcish Mines
 18804 | Orc:2    | Found Kic Yrog's Antique Weapon Shoppe.
 18807 | Orc:2    | Noticed Donald
 18845 | Orc:1    | Reached skill level 12 in Maces & Flails
 18997 | Orc:1    | Received a gift from Okawaru
 19081 | Orc:1    | Killed Donald
 19153 | Orc:2    | Paralysed by an ogre mage for 5 turns
 19245 | Orc:2    | Reached skill level 20 in Fighting
 19334 | Orc:2    | Found Pahaas's Assorted Antiques.
 19343 | Orc:2    | Received a gift from Okawaru
 19349 | Orc:2    | Reached skill level 1 in Evocations
 19395 | Orc:2    | Found a staircase to the Elven Halls.
 19508 | Orc:2    | Found Tig Uwn's Antique Weapon Shop.
 19518 | Orc:2    | Found Koetoh's Distillery.
 19571 | Orc:2    | Found Gahuarph's Armour Shop.
 19809 | Orc:1    | Noticed Josephine
 19818 | Orc:1    | Killed Josephine
 19925 | Orc:2    | Bought a potion of resistance for 140 gold pieces
 19925 | Orc:2    | Bought a potion of mutation for 112 gold pieces
 19925 | Orc:2    | Bought 2 potions of invisibility for 224 gold pieces
 19925 | Orc:2    | Bought a potion of might for 56 gold pieces
 19925 | Orc:2    | Bought a potion of might for 56 gold pieces
 19925 | Orc:2    | Bought a potion of haste for 140 gold pieces
 19939 | Orc:2    | Bought a potion of cancellation for 256 gold pieces
 20107 | D:13     | Killed Nessos
 20116 | D:12     | Killed Lodul
 20116 | D:12     | Received a gift from Okawaru
 20142 | D:13     | Noticed Deukiw's ghost (journeyman SpEn)
 20163 | D:13     | Reached XP level 16. HP: 195/195 MP: 22/22
 20247 | D:13     | Found a runed translucent door.
 20868 | D:14     | Received a gift from Okawaru
 21085 | D:14     | Reached skill level 21 in Fighting
 21135 | D:14     | Found a shimmering altar of Xom.
 21136 | D:14     | Found a shimmering altar of Xom.
 21136 | D:14     | Found a shimmering altar of Xom.
 21592 | D:15     | Entered Level 15 of the Dungeon
 21726 | D:15     | Identified the granite talisman of the Wasteland {rC+}
 21726 | D:15     | Noticed Roxanne
 21744 | D:15     | Received a gift from Okawaru
 21767 | D:15     | Reached skill level 9 in Armour
 21775 | D:15     | Killed Roxanne
 21837 | D:15     | Found a staircase to the Depths.
 22314 | Snake:1  | Entered Level 1 of the Snake Pit
 22442 | Snake:1  | Identified the serpent talisman of Oblivion {rF+ Will+
                  | rCorr Int+3 Dex-3}
 22442 | Snake:1  | Noticed Aizul
 22453 | Snake:1  | Killed Aizul
 22461 | Snake:1  | Received a gift from Okawaru
 23355 | Snake:2  | Identified the +10 whip of the Brewing Coward {spect,
                  | *Noise rElec Int+4}
 23720 | Snake:2  | You are sucked into a shaft and drop 1 floor!
 23720 | Snake:3  | Noticed a nagaraja
 23727 | Snake:2  | Killed a nagaraja
 23745 | Snake:3  | Reached XP level 17. HP: 178/208 MP: 23/23
 23749 | Snake:2  | Received a gift from Okawaru
 23750 | Snake:2  | Reached skill level 22 in Fighting
 24422 | Snake:3  | Noticed Asterion
 24425 | Arena    | Entered the Arena
 24429 | Arena    | Killed Asterion
 24635 | Snake:3  | Received a gift from Okawaru
 24952 | Snake:3  | Reached skill level 3 in Evocations
 25408 | Snake:4  | Entered Level 4 of the Snake Pit
 25430 | Snake:4  | Received a gift from Okawaru
 25507 | Snake:4  | Found Etuip's Antique Armour Shop.
 25799 | Snake:4  | Received a gift from Okawaru
 25800 | Snake:4  | Reached XP level 18. HP: 221/221 MP: 25/25
 25824 | Snake:4  | Found Haseub's Weapon Shop.
 25824 | Snake:4  | Found Zenawida's Armour Boutique.
 25829 | Snake:4  | Found Vois's Distillery.
 26015 | Snake:4  | Found a radiant altar of Vehumet.
 26127 | Snake:4  | Reached skill level 12 in Armour
 26127 | Snake:4  | Reached skill level 12 in Shields
 26145 | Snake:4  | Found a shimmering altar of Xom.
 26149 | Snake:4  | Found a runed translucent door.
 26151 | Snake:4  | Noticed bakla's ghost (adept GnBr)
 26232 | Snake:4  | Received a gift from Okawaru
 26243 | Snake:4  | Reached skill level 23 in Fighting
 26745 | Snake:4  | Received a gift from Okawaru
 26791 | Snake:4  | Got a serpentine rune of Zot
 27197 | Swamp:1  | Entered Level 1 of the Swamp
 27354 | Swamp:1  | Reached skill level 24 in Fighting
 27805 | Swamp:2  | Received a gift from Okawaru
 28183 | Swamp:3  | Noticed Jorgrun
 28189 | Swamp:3  | Killed Jorgrun
 28190 | Swamp:3  | Reached XP level 19. HP: 235/235 MP: 26/26
 28589 | Swamp:3  | Noticed Bai Suzhen
 28605 | Swamp:3  | Killed Bai Suzhen
 28605 | Swamp:3  | Received a gift from Okawaru
 28791 | Swamp:3  | Noticed Mlioglotl
 28897 | Swamp:3  | Killed Mlioglotl
 29035 | Swamp:4  | Entered Level 4 of the Swamp
 29145 | Swamp:4  | Paralysed by a fenstrider witch for 5 turns
 29445 | Swamp:4  | Reached skill level 25 in Fighting
 29474 | Swamp:4  | Received a gift from Okawaru
 30084 | Swamp:4  | Noticed a tentacled monstrosity
 30092 | Swamp:4  | Killed a tentacled monstrosity
 30183 | Swamp:4  | Got a decaying rune of Zot
 30531 | Vaults:1 | Entered Level 1 of the Vaults
 30626 | Vaults:1 | Received a gift from Okawaru
 30633 | Vaults:1 | Noticed a tentacled monstrosity
 30635 | Vaults:1 | Reached skill level 15 in Shields
 30641 | Vaults:1 | Killed a tentacled monstrosity
 30753 | Vaults:1 | Reached skill level 26 in Fighting
 31089 | Vaults:1 | Reached XP level 20. HP: 161/252 MP: 22/27
 31118 | Vaults:1 | Received a gift from Okawaru
 31372 | Vaults:1 | Noticed Saint Roka
 31400 | Vaults:1 | Killed Saint Roka
 31925 | Vaults:1 | Received a gift from Okawaru
 32677 | Vaults:2 | Reached skill level 12 in Invocations
 32886 | Vaults:2 | Received a gift from Okawaru
 33851 | Vaults:2 | Reached skill level 18 in Throwing
 34198 | Vaults:3 | Reached XP level 21. HP: 251/261 MP: 30/30
 34383 | Vaults:3 | Received a gift from Okawaru
 34653 | Vaults:3 | Found a staircase to the Crypt.
 34735 | Vaults:3 | Received a gift from Okawaru
 35303 | Vaults:3 | Received a gift from Okawaru
 36586 | Vaults:4 | Received a gift from Okawaru
 36595 | Vaults:4 | Found a portal to a secret trove of treasure.
 36689 | Vaults:4 | Reached skill level 15 in Armour
 36963 | Vaults:4 | Received a gift from Okawaru
 37265 | Vaults:4 | Reached XP level 22. HP: 241/270 MP: 31/31
 37982 | Vaults:4 | Received a gift from Okawaru
 38132 | Vaults:4 | You paid a toll of 3 scrolls of blinking to enter a
                  | treasure trove
 38133 | Trove    | Entered a treasure trove
 38146 | Trove    | Identified the +6 mace "Killer Klown's Regret" {pain, rElec
                  | rCorr Str+3}
 38148 | Trove    | Identified the +1 dagger of Victory {pain, ^Fragile rCorr
                  | Int+10}
 38152 | Trove    | Identified the +4 short sword of Pain and Death {pain,
                  | ^Fragile rN+ Int+3}
 38160 | Trove    | Identified the +7 hand axe "Atiawk" {protect, ^Fragile
                  | rPois rCorr Str+2}
 38172 | Trove    | Identified the +0 mace of the Elven Halls {distort, Will+}
 38175 | Trove    | Identified the +4 spear of Lumy {distort, rC- Will++}
 38186 | Trove    | Identified the +6 hand axe of a Million Gods {flame, *Noise
                  | rElec rPois}
 38327 | Orc:2    | Bought a large coral ring for 160 gold pieces
 38353 | Elf:1    | Entered Level 1 of the Elven Halls
 38375 | Elf:1    | Identified the +0 robe of Action {Rampage rC+ Stlth+}
 38400 | Elf:1    | Found Juskaen's Assorted Antiques.
 38404 | Elf:1    | Found Fogy's Book Shop.
 38405 | Elf:1    | Found Siux's Antique Armour Boutique.
 38520 | Elf:1    | Found Qesaok's General Store.
 38538 | Elf:1    | Bought a scroll of teleportation for 33 gold pieces
 38538 | Elf:1    | Bought a potion of haste for 110 gold pieces
 38567 | Elf:1    | Paralysed by an air elemental for 1 turns
 38732 | Elf:1    | Got the Cyclopedia of the Impact
 39152 | Elf:1    | Identified the +1 spear "Hiabaiph" {pain, rN+ rCorr}
 39345 | Elf:2    | Paralysed by an air elemental for 1 turns
 39669 | Elf:2    | Identified the ring "Ojocs" {Int+6 Dex+5 Slay+6}
 39685 | Elf:2    | Found a glacial archway.
 39699 | IceCv    | Entered an ice cave
 39955 | IceCv    | Received a gift from Okawaru
 40251 | Elf:2    | Reached skill level 21 in Throwing
 40511 | Elf:2    | Found a runed translucent gate.
 40511 | Elf:2    | Found a runed translucent gate.
 40512 | Elf:2    | Found a runed translucent gate.
 40656 | Elf:3    | Entered Level 3 of the Elven Halls
 40677 | Elf:3    | Acquired 1230 gold pieces
 40947 | Elf:3    | Acquired 441 gold pieces
 41017 | Elf:3    | Received a gift from Okawaru
 41359 | Elf:3    | Reached XP level 23. HP: 279/279 MP: 32/32
 41650 | Elf:3    | Identified the +10 halberd "Concordance" {heavy, rElec rF+
                  | Dex-4 Stlth+}
 41730 | Elf:3    | Received a gift from Okawaru
 41839 | Elf:3    | Found the +8 autumn katana {manifold assault}
 41844 | Elf:3    | Identified the +5 mace "Cuucoet" {flame, Fly Int+3}
 41854 | Elf:3    | Identified the +6 orcbow "Diergh" {heavy, Str+7 Int-4}
 41859 | Elf:3    | Identified the staff of the Many Hosts {rPois MP+9 Alchemy}
 42326 | Snake:4  | Bought ancient swamp dragon scales for 2200 gold pieces
 42326 | Snake:4  | Identified the +3 swamp dragon scales of the Mind {rPois
                  | rF+} (You bought it in a shop on level 4 of the Snake Pit)
 42328 | Snake:4  | Bought a glowing hat for 280 gold pieces
 42629 | Depths:1 | Entered Level 1 of the Depths
 42656 | Depths:1 | Identified the +1 robe of Sapaarphei {rPois Archmagi}
 43109 | Depths:1 | Found a gateway to Hell.
 43148 | Depths:1 | Found a one-way gate leading to the halls of Pandemonium.
 43150 | Depths:1 | Gained mutation: You have hidden genetic defects. [a
                  | cacodemon]
 43482 | Depths:1 | Reached skill level 18 in Armour
 43849 | Depths:2 | Found Edooblea's Antique Weapon Shoppe.
 43872 | Depths:2 | Received a gift from Okawaru
 44787 | Depths:2 | Gained mutation: Armour fits poorly on your strangely
                  | shaped body. [hidden defects]
 44809 | Depths:1 | Lost mutation: You have hidden genetic defects. [potion of
                  | mutation]
 44809 | Depths:1 | Lost mutation: Armour fits poorly on your strangely shaped
                  | body. [potion of mutation]
 44809 | Depths:1 | Gained mutation: You are agile. (Dex +4, Str/Int -1)
                  | [potion of mutation]
 44809 | Depths:1 | Gained mutation: You do not regenerate when monsters are
                  | visible. [potion of mutation]
 44809 | Depths:1 | Gained mutation: Your body sometimes deteriorates upon
                  | taking damage. [potion of mutation]
 44809 | Depths:1 | Gained mutation: You possess an exceptional clarity of
                  | mind. [potion of mutation]
 44826 | Depths:2 | Found the +8 arc blade {discharge, rElec}
 44826 | Depths:2 | You are sucked into a shaft and drop 2 floors!
 44826 | Depths:4 | Entered Level 4 of the Depths
 44826 | Depths:4 | Found Big Baal Hell's Store.
 45225 | Depths:4 | Found a gate to the Realm of Zot.
 45263 | Depths:4 | Noticed a golden dragon
 45264 | Depths:4 | Noticed a caustic shrike
 45282 | Depths:4 | Killed a golden dragon
 45582 | Depths:4 | Noticed a caustic shrike
 45583 | Depths:4 | Noticed a caustic shrike
 45608 | Depths:4 | Killed a caustic shrike
 45608 | Depths:4 | Received a gift from Okawaru
 45620 | Depths:4 | Killed a caustic shrike
 45634 | Depths:4 | Killed a caustic shrike
 46499 | Depths:3 | Reached XP level 24. HP: 251/289 MP: 32/32
 46628 | Depths:3 | Reached skill level 24 in Throwing
 46648 | Depths:3 | Found the +3 greatsling "Punk" {acid, rCorr}
 46691 | Depths:3 | Received a gift from Okawaru
 46909 | Depths:3 | Got The Lost Secrets of the Histories of Mysteries
 46919 | Depths:3 | Got Puvvenuw's Handbook of Metal and Command
 46978 | Depths:3 | Found Qurrebun's One-of-a-Kind Books.
 47006 | Depths:3 | Found a one-way gate to the infinite horrors of the Abyss.
 47689 | Depths:2 | Found a hazy altar of Hepliaklqana.
 48449 | Depths:4 | Found a one-way gateway to a ziggurat.
 48636 | Depths:4 | HP: 14/289 [poison (dark miasma)]
 48637 | Depths:4 | Killed from afar by a white draconian stormcaller

Illustrated notes

Levels and vault maps discovered:
D:1:      ldierk_walled_garden_2, layout_rooms, chequers_serial_rivers_small_3,
          chequers_serial_rivers_large_b
D:2:      layout_loops_ring, uniq_sigmund
D:3:      layout_basic, nicolae_ecumenical_snake_handling,
          minmay_divided_ellipse, uniq_jessica
D:4:      layout_loops_ring, lemuel_coloured_pillars_altar, marbit_many_paths
D:5:      layout_cave_pools, lemuel_doored_altar, uniq_grinder, uniq_edmund
D:6:      layout_basic, general_overflow_altar, gammafunk_temple_overflow_pools,
          mainiacjoe_overflow_alcove_4, minmay_temple_entry_tees,
          nicolae_ossuary_entry_giza, lightli_church_of_beogh,
          uniq_crazy_yiuf_cottage
D:7:      layout_loops_corners, uniq_menkaure, uniq_pikel, uniq_jeremiah,
          uniq_joseph
D:8:      layout_layer_cave, elyvilon_altar_4, led_sif_pool,
          nicolae_wu_jian_immortal_techniques
D:9:      layout_layer_cave, special_room [special_room_bee], uniq_harold
D:10:     layout_basic, eat_drink_and_be_merry_uskayaw,
          grunt_ashenzari_visionary [grunt_ashenzari_visionary_swamp,
          grunt_ashenzari_visionary_snake], lair_entry_dummy,
          nicolae_stop_n_shop_2
D:11:     layout_loops_cross, orc_0_dummy, gauntlet_entry_generic, uniq_fannar
D:12:     layout_loops_cross, serial_shops, shop, lemuel_old_faithful
D:13:     layout_roguey, david_vaults_3, hellmonk_ghost_big_iron
D:14:     layout_loops_ring, xom_shifter_show
D:15:     hellmonk_depths_entry_around_the_bend, layout_basic,
          serial_library_hellmonk_layered_room, uniq_roxanne
Temple:   jpeg_temple_alley_garden
Lair:1:   layout_roguey
Lair:2:   layout_small_grid, swamp_mist, grunt_forest_stairs_basic, uniq_sonja,
          uniq_maggie
Lair:3:   layout_big_grid, guppyfry_snake_entry_garden, minivault_19,
          dreamdust_mushroom_princess, beast_lair_carwin_4
Lair:4:   layout_regular_city, lemuel_fruit_tree
Lair:5:   guppyfry_lair_end_dragon, layout_long_grid, hangedman_lair_in_review,
          slime_entry_1, dreamdust_gnoll_shepherd, uniq_nessos
Swamp:1:  layout_falls_marsh, evilmike_swamp_ruin_house_1
Swamp:2:  layout_falls_marsh, evilmike_swamp_ruin_rubble_2
Swamp:3:  layout_falls_marsh, hangedman_swamp_pad, uniq_mlioglotl, uniq_jorgrun,
          uniq_bai_suzhen
Swamp:4:  swamp_vile, layout_basic_swamp
Snake:1:  layout_cave_pods, uniq_aizul
Snake:2:  layout_onion_interference
Snake:3:  layout_rooms, nicolae_twisty_statue_hallways, uniq_asterion
Snake:4:  grunt_snake_rune_pools, layout_cave_town, gammafunk_ghost_grave,
          hangedman_feature_mirror, grunt_ministairs_14, minmay_shoptagon
Orc:1:    layout_diamond_mine, nicolae_volcano_entry_vermiform,
          nicolae_orc_lava_room, uniq_josephine
Orc:2:    st_orc_open, layout_caves, serial_shops, shop, blackcustard_rock_pile,
          uniq_donald
Elf:1:    elf_arrival_001, layout_geoelf_diagonals, serial_shops, shop_coins,
          minmay_elf_annihilation, minmay_shop_star
Elf:2:    nicolae_elf_blades_splatter_lattice [nicolae_blade_entry_pointy_end],
          layout_geoelf_octagon, portal_ice_cave_entry_pillars_1, serial_sigils,
          serial_sigils_hangedman_etch, serial_sigils_hangedman_snap,
          serial_sigils_hangedman_writhe
Elf:3:    grunt_elf_hall_diamonds, layout_loops_cross
Vaults:1: nicolae_vaults_lopsided_apartments, nicolae_vaults_trapezoid_1,
          nicolae_vaults_network_square, v_misc_14, vaults_mumra_hex,
          vaults_room_grunt_arrival_ludios, ontoclasm_vaults_decontamination,
          grunt_vaults_diagonal, nicolae_vaults_meiosis, v_alt_pattern_5,
          vaults_dpeg_ring, hangedman_vaults_nails, ontoclasm_vaults_ring_large,
          vaults_room_pool, v_misc_19, vaults_mumra_chevron, layout_vaults_maze,
          uniq_saint_roka
Vaults:2: nicolae_vaults_oval_intersection, v_misc_10, ontoclasm_vaults_chip,
          nicolae_vaults_surprise_closet_hard, layout_vaults_omnigrid
Vaults:3: portal_desolation_entry_salt, nicolae_vaults_steering_wheel,
          nicolae_vaults_hallways_thing, ontoclasm_vaults_loading_screen,
          minmay_crypt_entry_simple_sparse, nicolae_vaults_oval_intersection,
          vaults_dpeg_hooks, nicolae_vaults_antechamber_and_loot_room,
          nicolae_vaults_trapezoid_layered, vaults_room_door_ring,
          hangedman_vaults_capsules, v_misc_1, vaults_standard_mumra_lines,
          nicolae_vaults_storage_closets_3, nicolae_vaults_ninety_degrees,
          layout_vaults_omnibox
Vaults:4: ontoclasm_vaults_misaligned, st_greater_box_4, hangedman_vaults_locks,
          nicolae_vaults_variable_pillar_hall, nicolae_vaults_trapezoid_layered,
          v_misc_31, vaults_room_door_hall, ontoclasm_vaults_twist,
          nicolae_vaults_asterisk, layout_vaults_chaotic_city, enter_trove_1
Depths:1: layout_gridlike, rand_demon_pan_entry_5, hell_entry,
          kennysheep_another_room, chequers_serial_rivers_small_3,
          minmay_microvault, kennysheep_random_hallway
Depths:2: minmay_shoctagon, layout_basic, hell_entry, serial_shops, shop,
          rand_demon_pan_entry_1, nzn_hepliaklqana_mist_gate,
          nicolae_water_bricks
Depths:3: minmay_cut_squares, layout_cross, hell_entry,
          nicolae_abyss_entry_one_way_or_another, nicolae_rare_books
Depths:4: grunt_zot_entry_alcove, layout_gridville, enter_ziggurat_f,
          nicolae_hell_entry_big_baal_hell, serial_sigils_hangedman_clutch,
          abyss_entry

Skill      XL: |  1  2  3  4  5  6  7  8  9 10 11 12 13 14 15 16 17 18 19 20 21 22 23 24 |
---------------+-------------------------------------------------------------------------+-----
Throwing       | 1 2 3 5 6 8 9 10 12 14 16 17 18 19 21 23 24 | 24.8
Fighting       | 5 6 7 9 12 13 15 16 17 18 20 21 22 24 26 | 26.0
Maces & Flails | 4 5 6 7 8 9 11 12 | 12.0
Dodging        | 3 4 5 |  5.0
Shields        | 1 3 7 9 11 13 15 16 | 16.0
Invocations    | 1 5 6 7 9 10 12 13 | 13.0
Armour         | 2 5 7 10 11 12 13 15 17 18 | 18.0
Evocations     | 2 3 |  3.0

Action                     |  1- 3 |  4- 6 |  7- 9 | 10-12 | 13-15 | 16-18 | 19-21 | 22-24 || total
---------------------------+-------+-------+-------+-------+-------+-------+-------+-------++-------
  Melee: Mace              |    70 |    74 |    33 |       |       |       |       |       ||   177
         Headbutt          |    12 |    11 |    49 |    99 |   165 |   113 |   292 |   219 ||   960
         Flail             |       |       |   207 |    19 |       |       |       |       ||   226
         Morningstar       |       |       |       |   446 |   424 |       |       |       ||   870
         Demon whip        |       |       |       |       |   179 |   495 |   921 |   714 ||  2309
   Fire: Sling             |    40 |    56 |    33 |       |       |       |       |       ||   129
  Throw: Stone             |     3 |       |       |       |   183 |       |       |       ||   186
         Boomerang         |       |       |    53 |   185 |   126 |   455 |       |   125 ||   944
         Large rock        |       |       |       |     5 |     4 |    94 |   214 |   347 ||   664
         Dart              |       |       |       |       |     2 |       |       |       ||     2
         Javelin           |       |       |       |       |       |     1 |     8 |     9 ||    18
 Invoke: Heroism           |       |       |     2 |     6 |     2 |     2 |     4 |     4 ||    20
         Finesse           |       |       |       |     1 |     2 |     1 |     3 |     3 ||    10
         Receive Weapon    |       |       |       |       |     1 |       |       |       ||     1
         Receive Armour    |       |       |       |       |     1 |       |       |       ||     1
         Duel              |       |       |       |       |       |     1 |       |       ||     1
  Evoke: Wand              |       |       |       |     1 |     1 |       |       |     1 ||     3
    Use: Potion            |       |     2 |     1 |     7 |       |     2 |     6 |     2 ||    20
         Scroll            |       |       |    16 |    16 |    10 |     3 |     7 |     7 ||    59
 Armour: Robe              |    42 |    73 |   169 |    27 |       |       |       |       ||   311
         Steam dragon scal |       |       |       |   131 |       |       |       |       ||   131
         Troll leather arm |       |       |       |   180 |   389 |   312 |   482 |   203 ||  1566
         Storm dragon scal |       |       |       |       |       |       |       |   199 ||   199
  Dodge: Dodged            |    45 |    43 |    97 |   180 |   174 |   108 |   180 |    97 ||   924
         Repelled          |       |     1 |     1 |       |       |       |       |       ||     2
  Block: Kite shield       |       |       |       |   276 |   775 |   614 |   757 |       ||  2422
         Reflection        |       |       |       |     6 |    33 |    96 |    61 |    39 ||   235
         Tower shield      |       |       |       |       |       |       |   134 |   831 ||   965
